 Dungeon Crawl Stone Soup version 0.29-a0-330-g52719c12eb (webtiles) character file.

Game seed: 9352862989482797216

100 lunkers the Sneak (level 4, -2/23 HPs)
             Began as a Vine Stalker Brigand on Apr 12, 2022.
             Slain by a sky beast (5 damage)
             ... on level 3 of the Dungeon.
             The game lasted 00:02:27 (2377 turns).

lunkers the Sneak (Vine Stalker Brigand)            Turns: 2377, Time: 00:02:28

Health: -2/23      AC:  3    Str: 14    XL:     4   Next: 74%
Magic:  0/5        EV: 12    Int: 11    God:
Gold:   145        SH:  0    Dex: 17    Spells: 3/3 levels left

rFire   . . .      SeeInvis .   a - +2 dagger
rCold   . . .      Faith    .   (no shield)
rNeg    . . .      Spirit   +   b - +0 robe
rPois   .          Reflect  .   (no helmet)
rElec   .          Harm     .   c - +0 cloak
rCorr   .          Rampage  .   (no gloves)
Will    .....                   (no boots)
Stlth   +++.......              (no amulet)
HPRegen 0.87/turn               (no ring)
MPRegen 0.09/turn               (no ring)

@: no status effects
A: fangs 2, regeneration 1, magic shield, antimagic bite, no potion heal 2
a: no special abilities


You were on level 3 of the Dungeon.
You visited 1 branch of the dungeon, and saw 3 of its levels.

You collected 145 gold pieces.

Inventory:

Hand Weapons
 a - a +2 dagger (weapon)
 n - a +0 rapier
Missiles
 d - 12 poisoned darts
 e - 3 curare-tipped darts {=f}
Armour
 b - a +0 robe (worn)
 c - a +0 cloak (worn)
 l - an orb of guile
Jewellery
 i - a ring of fire
 j - an amulet of faith
Wands
 p - a wand of iceblast (7)
Scrolls
 f - a scroll of magic mapping {unknown}
 o - a scroll of teleportation {unknown}
Potions
 g - a potion of flight {unknown}
 h - a potion of haste {unknown}
 k - a potion of curing {unknown}
 m - a potion of lignification {unknown}
 q - a potion of attraction {unknown}
 r - a potion of heal wounds {unknown}


   Skills:
 + Level 2.6 Fighting
 * Level 3.3 Short Blades
 - Level 1.7 Throwing
 + Level 1.7 Dodging
 - Level 4.8 Stealth


You had 3 spell levels left.
You didn't know any spells.
Your spell library contained the following spells:

 Spells                   Type           Power      Damage    Failure   Level
 Ignite Poison            Fire/Tmut/Pois 0%         N/A       71%         3
 Mephitic Cloud           Conj/Pois/Air  0%         N/A       71%         3
 Freezing Cloud           Conj/Ice/Air   0%         6-21      100%        5
 Borgnjor's Revivificati  Necr           0%         N/A       100%        8
 Necromutation            Tmut/Necr      0%         N/A       100%        8
 Death's Door             Necr           0%         N/A       100%        9


Dungeon Overview and Level Annotations

Branches:
Dungeon (3/15)

Altars:
Elyvilon


Innate Abilities, Weirdness & Mutations

You have extremely sharp teeth.
Your natural rate of healing is unusually fast.
When hurt, damage is shared between your health and your magic reserves.
Your bite disrupts and absorbs the magic of your enemies.
Potions cannot restore your health.


Message History

The sky beast is moderately wounded.
You hit the sky beast but do no damage. Your bite misses the sky beast.
The sky beast is moderately wounded.
The endoplasm quivers.
The sky beast hits you. The sky beast shocks you.
You miss the sky beast. Your bite misses the sky beast.
The sky beast is moderately wounded.
The sky beast hits you.
* * * LOW HITPOINT WARNING * * *
The sky beast shocks you.
* * * LOW HITPOINT WARNING * * *
You barely miss the sky beast.
You bite the sky beast, but do no damage.
The sky beast is moderately wounded.
The sky beast hits you.
* * * LOW HITPOINT WARNING * * *
The sky beast shocks you.
* * * LOW HITPOINT WARNING * * *
The sky beast attacks as you move away!
The sky beast hits you but does no damage.
The sky beast attacks as you move away!
The sky beast hits you but does no damage.
The sky beast attacks as you move away!
The sky beast hits you but does no damage.
The sky beast attacks as you move away! The sky beast hits you.
* * * LOW HITPOINT WARNING * * *
The sky beast shocks you.
* * * LOW MAGIC WARNING * * *
* * * LOW HITPOINT WARNING * * *
The sky beast flickers out of sight!
Deactivating autopickup; reactivate with Ctrl-A.
Something hits you.
* * * LOW HITPOINT WARNING * * *
Something shocks you.
* * * LOW HITPOINT WARNING * * *
Something hits you.
* * * LOW HITPOINT WARNING * * *
Something shocks you.
* * * LOW MAGIC WARNING * * *
You die...

..# #.# #...>.......#
#.# ..# #.#
#.######....###.## ..#
#)# #.# #.........>#
..# #.# #.#
#)##..####.#
..#######.# #.# #.##..#
# ..##......# #.#
#.##..### .....####.#
#.# #.##....# ###..#
#.####.#####.###.#.#
#..#
........@{..J..#.#.# #
#..#
#.####.#####.#.#.#.##.#
#..# ###
#..............#.# #..#
.#####..........# #..#
###..#...### #..#
##.##.## ....
#.##.####.# #.##....J..
#.#######.#


You could see an endoplasm.

Vanquished Creatures
  Ijyb (D:3)
  A worm (D:2)
  2 dart slugs
  An orc (D:3)
  3 ball pythons
  6 bats
  8 endoplasms
  5 giant cockroaches
  6 goblins
  8 hobgoblins
  3 jackals (D:1)
  3 kobolds (D:1)
  3 quokkas (D:1)
  7 frilled lizards
  A rat (D:1)
58 creatures vanquished.

Notes
Turn   | Place    | Note
-------+----------+-------------------------------------------
     0 | D:1      | lunkers the Vine Stalker Brigand began the quest for the
                  | Orb.
     0 | D:1      | Reached XP level 1. HP: 11/11 MP: 2/2
    93 | D:1      | Reached skill level 1 in Dodging
   123 | D:1      | Reached XP level 2. HP: 15/15 MP: 3/3
   525 | D:1      | Reached XP level 3. HP: 18/18 MP: 4/4
  1515 | D:2      | Found a white marble altar of Elyvilon.
  1805 | D:2      | Gained mutation: Your natural rate of healing is unusually
                  | fast. [Vine Stalker growth]
  1805 | D:2      | Reached XP level 4. HP: 23/23 MP: 5/5
  2251 | D:3      | Noticed Ijyb
  2256 | D:3      | Killed Ijyb
  2355 | D:3      | Noticed a sky beast
  2377 | D:3      | Slain by a sky beast

Illustrated notes

Levels and vault maps discovered:
D:1:      doesnt_arrival_eight_statues, layout_basic, minmay_3d_cube
D:2:      layout_basic, basic_altar, hangedman_decor_push, patterned_corridor
D:3:      layout_loops_ring, chequers_ecumenical_altar_twisty, uniq_natasha,
          uniq_ijyb, uniq_jessica

Skill      XL: |  1  2  3  4 |
---------------+-------------+-----
Short Blades   | 2 3 |  3.3
Dodging        | 1 |  1.7
Fighting       | 2 |  2.6
Throwing       | |  1.7
Stealth        | |  4.8

Action                   |  1- 3 |  4- 6 || total
-------------------------+-------+-------++-------
Melee: Dagger            |    91 |    32 ||   123
       Bite              |    17 |     6 ||    23
       Punch             |     1 |       ||     1
Throw: Dart              |    22 |       ||    22
 Stab: Sleeping          |    16 |     6 ||    22
Armor: Robe              |    12 |     5 ||    17
Dodge: Dodged            |    38 |    16 ||    54

Table legend: (Time is in decaauts)
 A = Elapsed time spent in this place.
 B = Non-inter-level travel time spent in this place.
 C = Inter-level travel time spent in this place.
 D = Time resting spent in this place.
 E = Time spent auto-exploring this place.
 F = Levels seen in this place.
 G = Mean time per level.
                   A        B        C        D        E       F      G
               +--------+--------+--------+--------+--------+-----+--------+
         Total |   2358 |   2219 |    139 |     88 |   1696 |   3 |  786.0 |
       Dungeon |   2358 |   2219 |    139 |     88 |   1696 |   3 |  786.0 |
               +--------+--------+--------+--------+--------+-----+--------+

Top non-repeatable levels by time:
     D:1: 1475 daAuts
     D:2: 690 daAuts
     D:3: 193 daAuts
